 Dungeon Crawl Stone Soup version 0.20-a0-315-g8346a86 (webtiles) character file.

101 dondy the Chopper (level 4, -5/39 HPs)
             Began as a Hill Orc Monk on Dec 20, 2016.
             Slain by a gnoll
             ... wielding a +0 flail
              (8 damage)
             ... on level 2 of the Dungeon.
             The game lasted 00:05:33 (2632 turns).

dondy the Chopper (Hill Orc Monk)                   Turns: 2632, Time: 00:05:34

Health: -5/39      AC:  3    Str: 14    XL:     4   Next: 75%
Magic:  0/4        EV: 13    Int: 10    God:
Gold:   84         SH:  0    Dex: 13    Spells: 3/3 levels left

rFire  . . .     SeeInvis .     a - +0 hand axe
rCold  . . .     Gourm    .     b - +0 robe
rNeg   . . .     Faith    .     (no shield)
rPois  .         Spirit   +     k - +0 helmet
rElec  .         Reflect  .     (no cloak)
rCorr  .         Harm     .     (no gloves)
MR     .....                    (no boots)
Stlth  ++........               n - amulet of guardian spirit
                                (no ring)
                                (no ring)

@: no status effects
A: no striking features
a: no special abilities


You were on level 2 of the Dungeon.
You were not hungry.

You visited 1 branch of the dungeon, and saw 2 of its levels.

You collected 84 gold pieces.

Inventory:

Hand Weapons
 a - a +0 hand axe (weapon)
Missiles
 v - 7 tomahawks of returning (quivered)
Armour
 b - a +0 robe (worn)
 k - a +0 helmet (worn)
Jewellery
 j - an uncursed amulet of faith
 n - an amulet of guardian spirit (around neck)
Scrolls
 d - 2 scrolls of enchant weapon {unknown}
 f - a scroll of recharging {unknown}
 l - 2 scrolls of enchant armour {unknown}
 o - a scroll of magic mapping {unknown}
 p - 4 scrolls of remove curse {unknown}
 t - a scroll of identify {unknown}
 u - a scroll of random uselessness {unknown}
Potions
 e - a potion of degeneration {unknown}
 g - a potion of flight {unknown}
 q - a potion of heal wounds {unknown}
 r - 2 potions of curing {unknown}
Comestibles
 c - 2 bread rations
 h - a meat ration
 i - a beef jerky
 m - 2 fruits
 s - 3 chunks of flesh


   Skills:
 - Level 3.6 Fighting
 + Level 7.0 Axes
 - Level 2.4 Dodging
 - Level 1.5 Stealth


You had 3 spell levels left.
You didn't know any spells.

Dungeon Overview and Level Annotations

Branches:
Dungeon (2/15)

Altars:


Message History

The gnoll is heavily wounded.
You barely miss the gnoll. The gnoll closely misses you.
The gnoll hits you with a halberd!
* * * LOW HITPOINT WARNING * * *
You hit the gnoll.
The gnoll is heavily wounded.
You hit the gnoll but do no damage. The gnoll barely misses you.
You hit the gnoll.
The gnoll is almost dead.
You hit the gnoll. The gnoll misses you.
You closely miss the gnoll.
The gnoll is almost dead.
You hit the gnoll. The gnoll hits you with a flail!
* * * LOW HITPOINT WARNING * * *
The gnoll closely misses you.
You hit the gnoll.
You kill the gnoll!
Your Axes skill increases to level 7!
You hit the gnoll but do no damage. The gnoll hits you with a flail!
You die...

#.## #.# #.# #.# ##'## ##.####
#.# ##...## #...... ######.###
##.....## #..#### #........##
##.......## #..####
#.........####.........####......
#..###.>.....'>........'.........
#..###....####.........####......
#..##..#.## ##.@.....## #..#.##
#..##.##.# ##)g...## #.##.##
#..##.##.# ##...## #......
#........#########w## ####.##
##.......#.......#.# #.#
####.####.#####.#.# #.# #.#
#.#.......## #.#
#.####.#.###....## #.#
#...........)....## #.#


You could see a worm and a gnoll.

Vanquished Creatures
  A gnoll (D:2)
  6 adders (D:2)
  A worm (D:2)
  A leopard gecko (D:1)
  A giant cockroach (D:1)
  4 goblins
  4 hobgoblins
  2 jackals (D:1)
  2 kobolds
  6 ball pythons
  3 bats
  A frilled lizard (D:2)
  3 rats
35 creatures vanquished.

Notes
Turn   | Place    | Note
-------+----------+-------------------------------------------
     0 | D:1      | dondy the Hill Orc Monk began the quest for the Orb.
     0 | D:1      | Reached XP level 1. HP: 19/19 MP: 1/1
   384 | D:1      | Reached XP level 2. HP: 26/26 MP: 2/2
   704 | D:1      | Reached skill level 5 in Axes
  1847 | D:2      | Reached XP level 3. HP: 26/31 MP: 3/3
  2109 | D:2      | Reached skill level 6 in Axes
  2169 | D:2      | Reached XP level 4. HP: 36/39 MP: 4/4
  2632 | D:2      | Reached skill level 7 in Axes
  2632 | D:2      | Slain by a gnoll

Vault maps used:
D:1:      kilobyte_arrival_exit_the_forest
D:2:      minmay_snake_closets

Skill      XL: |  1  2  3  4 |
---------------+-------------+-----
Axes           | 5 6 7 |  7.0
Fighting       | |  3.6
Dodging        | |  2.4
Stealth        | |  1.5

Action                   |  1- 3 |  4- 6 || total
-------------------------+-------+-------++-------
Melee: Hand axe          |    97 |    39 ||   136
 Stab: Sleeping          |     4 |     2 ||     6
  Eat: Chunk             |     4 |     1 ||     5
Armor: Robe              |    15 |     3 ||    18
Dodge: Dodged            |    64 |    26 ||    90
